3L
PANAMA CITY PIRANHAS @ BROOKLYN DODGERS
04/18/2034
 
TOP OF THE 1ST
Panama City Piranhas batting - Pitching for Brooklyn Dodgers : RHP Hiro Kurasawa
Pitching: RHP Hiro Kurasawa
Batting: RHB Peter Heard 0-0: Fly out, F7 (Flyball, 78D)
Batting: RHB David Austin 0-0: Called Strike
0-1: Ground out 4-3 (Groundball, 4)
Batting: RHB Sadakuno Taketo 0-0: Ground out 5-3 (Groundball, 5S)
Top of the 1st over - 0 runs, 0 hits, 0 errors, 0 left on base; Panama City 0 - Brooklyn 0
BOTTOM OF THE 1ST
Brooklyn Dodgers batting - Pitching for Panama City Piranhas : RHP Jason MacGruder
Pitching: RHP Jason MacGruder
Batting: LHB Mike Gillespie 0-0: Swinging Strike
0-1: SINGLE (Groundball, 6MD)
Batting: LHB Frank Sharp 0-0: Swinging Strike
0-1: Ball
1-1: Ball
2-1: Foul Ball, location: 2F
2-2: Ball
3-2: Foul Ball, location: 2F
3-2: Foul Ball, location: 2F
3-2: Foul Ball, location: 2F
3-2: Fly out, F8 (Flyball, 8LM)
Batting: LHB Avon Barksdale 0-0: Ball
1-0: Ball
2-0: Called Strike
2-1: Swinging Strike
2-2: Strikes out looking
Batting: LHB Jérôme Masson 0-0: Ball
1-0: Ball
2-0: Foul Ball, location: 2F
2-1: Foul Ball, location: 2F
2-2: Ball
3-2: Foul Ball, location: 2F
3-2: Foul Ball, location: 2F
3-2: Foul Ball, location: 2F
3-2: Base on Balls
Mike Gillespie to second
Batting: SHB Félix Medina 0-0: Called Strike
0-1: Foul Ball, location: 2F
0-2: Ground out 5-3 (Groundball, 5S)
Bottom of the 1st over - 0 runs, 1 hit, 0 errors, 2 left on base; Panama City 0 - Brooklyn 0
TOP OF THE 2ND
Panama City Piranhas batting - Pitching for Brooklyn Dodgers : RHP Hiro Kurasawa
Batting: LHB John Hansen 0-0: Called Strike
0-1: Swinging Strike
0-2: Ball
1-2: Strikes out swinging
Batting: RHB JoJo Victory 0-0: Ground out 6-3 (Groundball, 6M)
Batting: RHB Micah Coffey 0-0: Foul Ball, location: 2F
0-1: Ground out 4-3 (Groundball, 34)
Top of the 2nd over - 0 runs, 0 hits, 0 errors, 0 left on base; Panama City 0 - Brooklyn 0
BOTTOM OF THE 2ND
Brooklyn Dodgers batting - Pitching for Panama City Piranhas : RHP Jason MacGruder
Batting: RHB Bill Chaundler 0-0: Foul Ball, location: 2F
0-1: Ball
1-1: Ball
2-1: Ground out 6-3 (Groundball, 6)
Batting: RHB Ilkka Haapajarvi 0-0: Ball
1-0: Called Strike
1-1: Called Strike
1-2: Foul Ball, location: 2F
1-2: Ball
2-2: Strikes out swinging
Batting: RHB Gerald Clark 0-0: Ball
1-0: Called Strike
1-1: Foul Ball, location: 2F
1-2: Ball
2-2: Fly out, F7 (Line Drive, 7)
Bottom of the 2nd over - 0 runs, 0 hits, 0 errors, 0 left on base; Panama City 0 - Brooklyn 0
TOP OF THE 3RD
Panama City Piranhas batting - Pitching for Brooklyn Dodgers : RHP Hiro Kurasawa
Batting: LHB Johnny Carter 0-0: Ball
1-0: Called Strike
1-1: Ground out 6-3 (Groundball, 6)
Batting: RHB Craig Tricket 0-0: Swinging Strike
0-1: Foul Ball, location: 2F
0-2: Ball
1-2: Ball
2-2: Ball
3-2: Strikes out looking
Batting: SHB Shoin Takuda 0-0: Foul Ball, location: 2F
0-1: Ball
1-1: Ball
2-1: Ball
3-1: Swinging Strike
3-2: Strikes out looking
Top of the 3rd over - 0 runs, 0 hits, 0 errors, 0 left on base; Panama City 0 - Brooklyn 0
BOTTOM OF THE 3RD
Brooklyn Dodgers batting - Pitching for Panama City Piranhas : RHP Jason MacGruder
Batting: RHB Fontana Contaldo 0-0: Called Strike
0-1: Foul Ball, location: 2F
0-2: Ball
1-2: Fly out, F8 (Flyball, 8RD)
Batting: LHB Mike Gillespie 0-0: Fly out, F8 (Flyball, 78M)
Batting: LHB Frank Sharp 0-0: Ball
1-0: Ball
2-0: Ball
3-0: Base on Balls
Batting: LHB Avon Barksdale 0-0: Foul Ball, location: 2F
0-1: Ball
1-1: Called Strike
1-2: Foul Ball, location: 2F
1-2: Ball
2-2: Foul Ball, location: 2F
2-2: Strikes out swinging
Bottom of the 3rd over - 0 runs, 0 hits, 0 errors, 1 left on base; Panama City 0 - Brooklyn 0
TOP OF THE 4TH
Panama City Piranhas batting - Pitching for Brooklyn Dodgers : RHP Hiro Kurasawa
Batting: RHB Peter Heard 0-0: Ground out 6-3 (Groundball, 6D)
Batting: RHB David Austin 0-0: Ball
1-0: Foul Ball, location: 2F
1-1: Ball
2-1: Ball
3-1: Base on Balls
Batting: RHB Sadakuno Taketo 0-0: Called Strike
0-1: Ball
David Austin is caught stealing 2nd base
1-1: Foul Ball, location: 2F
1-2: Strikes out looking
Top of the 4th over - 0 runs, 0 hits, 0 errors, 0 left on base; Panama City 0 - Brooklyn 0
BOTTOM OF THE 4TH
Brooklyn Dodgers batting - Pitching for Panama City Piranhas : RHP Jason MacGruder
Batting: LHB Jérôme Masson 0-0: Called Strike
0-1: Called Strike
0-2: Ball
1-2: Foul Ball, location: 2F
1-2: SOLO HOME RUN (Flyball, 9LD), Distance : 347 ft
Batting: SHB Félix Medina 0-0: Ball
1-0: Foul Ball, location: 2F
1-1: Ball
2-1: SINGLE (Groundball, 56D)
Batting: RHB Bill Chaundler 0-0: Ball
1-0: Called Strike
1-1: Grounds into double play, 6-4-3 (Groundball, 6)
Batting: RHB Ilkka Haapajarvi 0-0: Ball
1-0: Fly out, F3 (Popup, 3SF)
Bottom of the 4th over - 1 run, 2 hits, 0 errors, 0 left on base; Panama City 0 - Brooklyn 1
TOP OF THE 5TH
Panama City Piranhas batting - Pitching for Brooklyn Dodgers : RHP Hiro Kurasawa
Pitching: RHP Davis Sawyer
Batting: LHB John Hansen 0-0: Ball
1-0: Foul Ball, location: 2F
1-1: Ground out 3-1 (Groundball, 34)
Batting: RHB JoJo Victory 0-0: Ball
1-0: Ball
2-0: Called Strike
2-1: Ball
3-1: Base on Balls
Batting: RHB Micah Coffey 0-0: Ball
1-0: SINGLE (Line Drive, 7LS)
JoJo Victory to second
Batting: LHB Johnny Carter 0-0: Swinging Strike
0-1: Fielders Choice at 2nd, 4-6 (Groundball, 4)
JoJo Victory to third
Batting: RHB Craig Tricket 0-0: Ball
Johnny Carter is caught stealing 2nd base
Top of the 5th over - 0 runs, 1 hit, 0 errors, 1 left on base; Panama City 0 - Brooklyn 1
BOTTOM OF THE 5TH
Brooklyn Dodgers batting - Pitching for Panama City Piranhas : RHP Jason MacGruder
Pitching: RHP Ricky O'Toole
Batting: RHB Gerald Clark 0-0: Ball
1-0: Ball
2-0: Ball
3-0: Called Strike
3-1: Fly out, F8 (Line Drive, 8RS)
Batting: RHB Fontana Contaldo 0-0: Ball
1-0: Foul Ball, location: 2F
1-1: Swinging Strike
1-2: Strikes out swinging
Batting: LHB Mike Gillespie 0-0: Swinging Strike
0-1: Ball
1-1: Foul Ball, location: 2F
1-2: Foul Ball, location: 2F
1-2: SINGLE (Groundball, 6S) (infield hit)
Pitching: LHP Joe Khokar
Batting: LHB Frank Sharp 0-0: Called Strike
Mike Gillespie steals 2nd base
0-1: Foul Ball, location: 2F
0-2: SINGLE (Flyball, 8LS)
Mike Gillespie to third
Runner from 3rd tries for Home, SAFE, no throw
Batting: LHB Avon Barksdale 0-0: Ball
1-0: Swinging Strike
1-1: Fly out, F9 (Flyball, 89M)
Bottom of the 5th over - 1 run, 2 hits, 0 errors, 1 left on base; Panama City 0 - Brooklyn 2
TOP OF THE 6TH
Panama City Piranhas batting - Pitching for Brooklyn Dodgers : RHP Davis Sawyer
Batting: RHB Craig Tricket 0-0: Ball
1-0: Ball
2-0: Ball
3-0: Called Strike
3-1: Foul Ball, location: 2F
3-2: Base on Balls
Batting: SHB Shoin Takuda 0-0: Swinging Strike
0-1: Ball
1-1: Bunted foul
1-2: Ball
Balk!
Craig Tricket to second
2-2: Foul Ball, location: 2F
2-2: Ball
3-2: Base on Balls
Batting: RHB Peter Heard 0-0: Fielders Choice at 2nd, 4-6 (Groundball, 4)
Craig Tricket to third
Batting: RHB David Austin 0-0: Called Strike
0-1: Ball
1-1: Ball
2-1: Foul Ball, location: 2F
2-2: Foul Ball, location: 2F
2-2: Foul Ball, location: 2F
2-2: Foul Ball, location: 2F
2-2: Ball
3-2: Base on Balls
Peter Heard to second
Batting: RHB Sadakuno Taketo 0-0: Foul Ball, location: 2F
0-1: Swinging Strike
0-2: Ball
1-2: SINGLE (Groundball, 56D)
Craig Tricket scores
Peter Heard to third
David Austin to second
Runner from 3rd tries for Home, SAFE, no throw
Pitching: RHP Luis Bejarano
Batting: LHB John Hansen 0-0: Ball
1-0: Foul Ball, location: 2F
1-1: SINGLE (Flyball, 9)
David Austin to third
Sadakuno Taketo to second
Batting: RHB JoJo Victory 0-0: Ball
1-0: Ball
2-0: Called Strike
2-1: Ball
3-1: Base on Balls
David Austin scores
Sadakuno Taketo to third
John Hansen to second
Batting: RHB Micah Coffey 0-0: Ball
1-0: Swinging Strike
1-1: SINGLE (Line Drive, 8LS)
Sadakuno Taketo scores
John Hansen to third
JoJo Victory to second
Batting: LHB Johnny Carter 0-0: Called Strike
0-1: Called Strike
0-2: Ball
1-2: Strikes out swinging
Batting: RHB Craig Tricket 0-0: Called Strike
0-1: SINGLE (Line Drive, 6M)
John Hansen scores
JoJo Victory to third
Micah Coffey to second
Runner from 3rd tries for Home, SAFE, throw made home
Batting: SHB Shoin Takuda 0-0: Swinging Strike
0-1: Ball
1-1: Swinging Strike
1-2: Ball
2-2: Strikes out swinging
Top of the 6th over - 6 runs, 4 hits, 0 errors, 2 left on base; Panama City 6 - Brooklyn 2
BOTTOM OF THE 6TH
Brooklyn Dodgers batting - Pitching for Panama City Piranhas : LHP Joe Khokar
Batting: LHB Jérôme Masson 0-0: Swinging Strike
0-1: Ball
1-1: Swinging Strike
1-2: Strikes out swinging
Batting: SHB Félix Medina 0-0: SINGLE (Groundball, 6MD)
Batting: RHB Bill Chaundler 0-0: Fly out, F5 (Line Drive, 5)
Batting: RHB Ilkka Haapajarvi 0-0: Ball
1-0: SINGLE (Line Drive, 8RS)
Félix Medina to second
Batting: RHB Gerald Clark 0-0: Ball
1-0: Foul Ball, location: 2F
1-1: Ball
2-1: Ball
3-1: Called Strike
3-2: Ground out 3-1 (Groundball, 23)
Bottom of the 6th over - 0 runs, 2 hits, 0 errors, 2 left on base; Panama City 6 - Brooklyn 2
TOP OF THE 7TH
Panama City Piranhas batting - Pitching for Brooklyn Dodgers : RHP Luis Bejarano
Pitching: RHP Francisco Díaz
Pinch Hitting: RHB Sergio Ortíz 0-0: Ball
1-0: Ball
2-0: Foul Ball, location: 2F
2-1: Foul Ball, location: 2F
2-2: Foul Ball, location: 2F
2-2: Ground out 3-1 (Groundball, 34)
Pinch Hitting: RHB Mike Strickland 0-0: Ball
1-0: Ball
2-0: Swinging Strike
2-1: Called Strike
2-2: Ground out 5-3 (Groundball, 56)
Batting: RHB Arturo Scantlebury 0-0: Called Strike
0-1: Foul Ball, location: 2F
0-2: Ground out 6-3 (Groundball, 6)
Top of the 7th over - 0 runs, 0 hits, 0 errors, 0 left on base; Panama City 6 - Brooklyn 2
BOTTOM OF THE 7TH
Brooklyn Dodgers batting - Pitching for Panama City Piranhas : LHP Joe Khokar
Now at SS: Mike Strickland
Now in LF: Landon Harryman
Batting: RHB Fontana Contaldo 0-0: Fly out, F8 (Flyball, 8LD)
Pinch Hitting: RHB Fytor Ceia 0-0: Called Strike
0-1: Ball
1-1: Foul Ball, location: 2F
1-2: Ground out 4-3 (Groundball, 4)
Pinch Hitting: RHB Scott Ramsey 0-0: Foul Ball, location: 2F
0-1: Ball
1-1: Called Strike
1-2: Fly out, F9 (Flyball, 9LM)
Bottom of the 7th over - 0 runs, 0 hits, 0 errors, 0 left on base; Panama City 6 - Brooklyn 2
TOP OF THE 8TH
Panama City Piranhas batting - Pitching for Brooklyn Dodgers : RHP Francisco Díaz
Now at 3B: Fytor Ceia
Now in LF: Bob Daugherty
Pinch Hitting: RHB Quindarious Monday 0-0: Ball
1-0: Foul Ball, location: 2F
1-1: Ball
2-1: Fly out, F4 (Line Drive, 4)
Pinch Hitting: SHB Tony Walsh 0-0: Ball
1-0: Ball
2-0: Called Strike
2-1: Ball
3-1: Foul Ball, location: 2F
3-2: Base on Balls
Pinch Hitting: LHB DeMarvion Overshown 0-0: Swinging Strike
0-1: Ball
1-1: Ball
2-1: Fly out, F9 (Flyball, 9)
Pinch Hitting: SHB Dave Atkins 0-0: Foul Ball, location: 2F
0-1: Called Strike
0-2: Ball
1-2: Ball
2-2: Ball
3-2: Base on Balls
Tony Walsh to second
Pinch Hitting: RHB Enrique Rocha 0-0: Ball
1-0: Ball
2-0: Fly out, F5 (Line Drive, 56)
Top of the 8th over - 0 runs, 0 hits, 0 errors, 2 left on base; Panama City 6 - Brooklyn 2
BOTTOM OF THE 8TH
Brooklyn Dodgers batting - Pitching for Panama City Piranhas : LHP Joe Khokar
Now at 1B: Tony Walsh
Now at 2B: Dave Atkins
Now at SS: Quindarious Monday
Now in LF: DeMarvion Overshown
Now in RF: Enrique Rocha
Pinch Hitting: RHB Giobbe Bastedo 0-0: Ball
1-0: Ground out 4-3 (Groundball, 4)
Pinch Hitting: LHB Hugh Hill 0-0: Ball
1-0: Called Strike
1-1: Called Strike
1-2: Strikes out swinging
Pinch Hitting: RHB Jorge Rodríguez 0-0: SINGLE (Groundball, 6D)
Batting: RHB Germán Espantoso 0-0: Called Strike
0-1: Foul Ball, location: 2F
0-2: DOUBLE (Flyball, 89D)
Jorge Rodríguez to third
Pinch Hitting: RHB Carlos Muñóz 0-0: Ball
1-0: Ball
2-0: Ground out U3 (Groundball, 3L)
Bottom of the 8th over - 0 runs, 2 hits, 0 errors, 2 left on base; Panama City 6 - Brooklyn 2
TOP OF THE 9TH
Panama City Piranhas batting - Pitching for Brooklyn Dodgers : RHP Francisco Díaz
Now at 1B: Carlos Muñóz
Now at SS: Hugh Hill
Now in CF: Giobbe Bastedo
Now in RF: Jorge Rodríguez
Pinch Hitting: LHB Murray Sperber 0-0: Ball
1-0: Fly out, F9 (Line Drive, 89S)
Batting: LHB Landon Harryman 0-0: Ball
1-0: Called Strike
1-1: Ball
2-1: Foul Ball, location: 2F
2-2: Ground out U3 (Groundball, 34)
Batting: RHB Mike Strickland 0-0: Ball
1-0: Ball
2-0: Ball
3-0: Called Strike
3-1: Base on Balls
Batting: RHB Arturo Scantlebury 0-0: Called Strike
0-1: Ball
1-1: SINGLE (Groundball, 6D)
Mike Strickland to second
Batting: RHB Quindarious Monday 0-0: Called Strike
0-1: Ball
1-1: Ball
Wild Pitch!
Mike Strickland to third
Arturo Scantlebury to second
2-1: Ball
3-1: Base on Balls
Batting: SHB Tony Walsh 0-0: Fielders Choice at 2nd, 5-4 (Groundball, 56)
Top of the 9th over - 0 runs, 1 hit, 0 errors, 3 left on base; Panama City 6 - Brooklyn 2
BOTTOM OF THE 9TH
Brooklyn Dodgers batting - Pitching for Panama City Piranhas : LHP Joe Khokar
Now at C: Jarred Cobb
Pinch Hitting: RHB Vicente Cruz 0-0: Called Strike
0-1: Foul Ball, location: 2F
0-2: Strikes out swinging
Pinch Hitting: SHB Tony Manzanares 0-0: SINGLE (Groundball, 56D)
Pitching: RHP Robinson Suárez
Batting: RHB Fytor Ceia 0-0: Ball
1-0: Grounds into double play, 6-4-3 (Groundball, 6)
Bottom of the 9th over - 0 runs, 1 hit, 0 errors, 0 left on base; Panama City 6 - Brooklyn 2
Friday, March 29th, 2019 - OOTP Baseball 18.8 Build 76